PBL
COLORADO AVALANCHE @ VICTORIA CAPITALS
09/21/2047
 
TOP OF THE 1ST
Colorado Avalanche batting - Pitching for Victoria Capitals : RHP Devon Washington
Pitching: RHP Devon Washington
Batting: LHB Zane Kelton 0-0: Swinging Strike
0-1: Ball
1-1: Ground out 4-3 (Groundball, 4, EV 99.4 MPH)
Batting: LHB Mick Tucker 0-0: Foul Ball, location: 2F
0-1: Hit by Pitch
Batting: RHB Eric Delgado 0-0: Called Strike
0-1: Foul Ball, location: 2F
0-2: Ball
1-2: Ball
2-2: Ball
3-2: Fly out, F7 (Flyball, 78M, EV 83.1 MPH)
Batting: SHB Ken Griffey IV 0-0: Ball
1-0: Called Strike
1-1: Swinging Strike
1-2: Foul Ball, location: 2F
1-2: Ball
2-2: Foul Ball, location: 2F
2-2: Foul Ball, location: 2F
2-2: Foul Ball, location: 2F
2-2: Fly out, F8 (Flyball, 8LM, EV 84.4 MPH)
Top of the 1st over - 0 runs, 0 hits, 0 errors, 1 left on base; Colorado 0 - Victoria 0
BOTTOM OF THE 1ST
Victoria Capitals batting - Pitching for Colorado Avalanche : LHP Glenn Lowther
Pitching: LHP Glenn Lowther
Batting: RHB Antonio Oyola 0-0: Ball
1-0: Ball
2-0: Ball
3-0: Called Strike
3-1: SOLO HOME RUN (Flyball, 78XD, EV 93.8 MPH), Distance : 373 ft
Batting: RHB Tze-meng Li 0-0: Ground out 6-3 (Groundball, 6, EV 85.0 MPH)
Batting: RHB Jose Zuniga 0-0: Foul Ball, location: 2F
0-1: Swinging Strike
0-2: Ball
1-2: Ball
2-2: SINGLE (Groundball, 34D, EV 103.1 MPH)
Batting: RHB Jwahir Pili 0-0: Called Strike
0-1: Grounds into double play, 4-6-3 (Groundball, 4, EV 89.4 MPH)
Bottom of the 1st over - 1 run, 2 hits, 0 errors, 0 left on base; Colorado 0 - Victoria 1
TOP OF THE 2ND
Colorado Avalanche batting - Pitching for Victoria Capitals : RHP Devon Washington
Batting: RHB Seisaburo Edagawa 0-0: SINGLE (Line Drive, 34D, EV 96.2 MPH)
Batting: RHB Carlos de Jesus 0-0: Ball
1-0: Ball
2-0: Ball
3-0: Called Strike
3-1: Fielders Choice at 2nd, 4-6 (Groundball, 34, EV 78.8 MPH)
Batting: RHB Bob Hayes 0-0: Called Strike
0-1: Swinging Strike
0-2: Ball
1-2: Strikes out swinging
Batting: LHB Jerry Santana 0-0: Ball
1-0: Ball
2-0: Foul Ball, location: 2F
2-1: Ground out 4-3 (Groundball, 4, EV 91.9 MPH)
Top of the 2nd over - 0 runs, 1 hit, 0 errors, 1 left on base; Colorado 0 - Victoria 1
BOTTOM OF THE 2ND
Victoria Capitals batting - Pitching for Colorado Avalanche : LHP Glenn Lowther
Batting: LHB William Gonzales 0-0: Ball
1-0: Ball
2-0: Called Strike
2-1: Called Strike
2-2: SOLO HOME RUN (Line Drive, 89XD, EV 112.5 MPH), Distance : 424 ft
Batting: RHB Joaquin Salazar 0-0: Called Strike
0-1: Swinging Strike
0-2: Fly out, F8 (Line Drive, 8RM, EV 89.4 MPH)
Batting: RHB Rich Griffith 0-0: Ball
1-0: Ball
2-0: Foul Ball, location: 2F
2-1: Foul Ball, location: 2F
2-2: Ball
3-2: Foul Ball, location: 2F
3-2: Ground out U3 (Groundball, 34S, EV 75.6 MPH)
Batting: RHB Neal Perucci 0-0: Ground out 4-3 (Groundball, 4, EV 82.5 MPH)
Bottom of the 2nd over - 1 run, 1 hit, 0 errors, 0 left on base; Colorado 0 - Victoria 2
TOP OF THE 3RD
Colorado Avalanche batting - Pitching for Victoria Capitals : RHP Devon Washington
Batting: RHB Aaron Burnet 0-0: Foul Ball, location: 2F
0-1: Called Strike
0-2: Foul Ball, location: 2F
0-2: Ball
1-2: Ball
2-2: Fly out, F7 (Flyball, 78S, EV 86.9 MPH)
Batting: LHB Zane Kelton 0-0: Ball
1-0: Ball
2-0: Foul Ball, location: 2F
2-1: Fly out, F9 (Flyball, 9, EV 93.1 MPH)
Batting: LHB Mick Tucker 0-0: SOLO HOME RUN (Line Drive, 9LD, EV 100.6 MPH), Distance : 395 ft
Batting: RHB Eric Delgado 0-0: Ball
1-0: Foul Ball, location: 2F
1-1: Swinging Strike
1-2: Strikes out looking
Top of the 3rd over - 1 run, 1 hit, 0 errors, 0 left on base; Colorado 1 - Victoria 2
BOTTOM OF THE 3RD
Victoria Capitals batting - Pitching for Colorado Avalanche : LHP Glenn Lowther
Batting: RHB John Britton 0-0: Foul Ball, location: 2F
0-1: Foul Ball, location: 2F
0-2: Strikes out swinging
Batting: RHB Antonio Oyola 0-0: Fly out, F7 (Flyball, 78S, EV 84.4 MPH)
Batting: RHB Tze-meng Li 0-0: Ball
1-0: Foul Ball, location: 2F
1-1: Foul Ball, location: 2F
1-2: Ground out 5-3 (Groundball, 5, EV 103.8 MPH)
Bottom of the 3rd over - 0 runs, 0 hits, 0 errors, 0 left on base; Colorado 1 - Victoria 2
TOP OF THE 4TH
Colorado Avalanche batting - Pitching for Victoria Capitals : RHP Devon Washington
Batting: SHB Ken Griffey IV 0-0: Called Strike
0-1: Foul Ball, location: 2F
0-2: Strikes out looking
Batting: RHB Seisaburo Edagawa 0-0: Called Strike
0-1: Ball
1-1: Foul Ball, location: 2F
1-2: Ball
2-2: SOLO HOME RUN (Flyball, 78XD, EV 103.8 MPH), Distance : 412 ft
Batting: RHB Carlos de Jesus 0-0: Ball
1-0: Fly out, F8 (Flyball, 89S, EV 90.6 MPH)
Batting: RHB Bob Hayes 0-0: Called Strike
0-1: Called Strike
0-2: Strikes out swinging
Top of the 4th over - 1 run, 1 hit, 0 errors, 0 left on base; Colorado 2 - Victoria 2
BOTTOM OF THE 4TH
Victoria Capitals batting - Pitching for Colorado Avalanche : LHP Glenn Lowther
Batting: RHB Jose Zuniga 0-0: Ball
1-0: Called Strike
1-1: Ball
2-1: Called Strike
2-2: Foul Ball, location: 2F
2-2: Foul Ball, location: 2F
2-2: Ball
3-2: Strikes out swinging
Batting: RHB Jwahir Pili 0-0: Ball
1-0: Ball
2-0: TRIPLE (Flyball, 89XD, EV 98.1 MPH)
Pinch Runner at 3rd Roberto Medina:
Batting: LHB William Gonzales 0-0: Called Strike
0-1: Ball
1-1: Ball
2-1: Ball
3-1: Called Strike
3-2: Fly out, F8 (Line Drive, 8LM, EV 97.5 MPH)
Runner from 3rd tags up, OUT at HOME! 8-2
Bottom of the 4th over - 0 runs, 1 hit, 0 errors, 0 left on base; Colorado 2 - Victoria 2
TOP OF THE 5TH
Colorado Avalanche batting - Pitching for Victoria Capitals : RHP Devon Washington
Batting: LHB Jerry Santana 0-0: Called Strike
0-1: Ball
1-1: Ball
2-1: Foul Ball, location: 2F
2-2: Strikes out looking
Batting: RHB Aaron Burnet 0-0: Foul Ball, location: 2F
0-1: Ball
1-1: Swinging Strike
1-2: Fly out, F6 (Popup, 6, EV 65.0 MPH)
Batting: LHB Zane Kelton 0-0: Fly out, F7 (Flyball, 7S, EV 78.1 MPH)
Top of the 5th over - 0 runs, 0 hits, 0 errors, 0 left on base; Colorado 2 - Victoria 2
BOTTOM OF THE 5TH
Victoria Capitals batting - Pitching for Colorado Avalanche : LHP Glenn Lowther
Batting: RHB Joaquin Salazar 0-0: Ball
1-0: Called Strike
1-1: Foul Ball, location: 2F
1-2: Strikes out swinging
Batting: RHB Rich Griffith 0-0: Called Strike
0-1: Ball
1-1: Called Strike
1-2: Foul Ball, location: 2F
1-2: Strikes out swinging
Batting: RHB Neal Perucci 0-0: Swinging Strike
0-1: Called Strike
0-2: DOUBLE (Line Drive, 9LS, EV 95.6 MPH)
Batting: RHB John Britton 0-0: Ball
1-0: Foul Ball, location: 2F
1-1: Ground out 5-3 (Groundball, 56, EV 83.8 MPH)
Bottom of the 5th over - 0 runs, 1 hit, 0 errors, 1 left on base; Colorado 2 - Victoria 2
TOP OF THE 6TH
Colorado Avalanche batting - Pitching for Victoria Capitals : RHP Devon Washington
Batting: LHB Mick Tucker 0-0: Called Strike
0-1: Ball
1-1: Swinging Strike
1-2: Strikes out swinging
Batting: RHB Eric Delgado 0-0: Called Strike
0-1: Called Strike
0-2: Ball
1-2: Strikes out swinging
Batting: SHB Ken Griffey IV 0-0: Ground out U3 (Groundball, 3, EV 101.2 MPH)
Top of the 6th over - 0 runs, 0 hits, 0 errors, 0 left on base; Colorado 2 - Victoria 2
BOTTOM OF THE 6TH
Victoria Capitals batting - Pitching for Colorado Avalanche : LHP Glenn Lowther
Batting: RHB Antonio Oyola 0-0: Foul Ball, location: 2F
0-1: Hit by Pitch
Batting: RHB Tze-meng Li 0-0: Called Strike
0-1: Hit by Pitch
Antonio Oyola to second
Batting: RHB Jose Zuniga 0-0: Ball
1-0: Called Strike
1-1: Fly out, F7 (Flyball, 78S, EV 86.9 MPH)
Batting: RHB Roberto Medina 0-0: Fly out, F1 (Popup, P, EV 85.6 MPH)
Batting: LHB William Gonzales 0-0: Swinging Strike
0-1: Foul Ball, location: 2F
0-2: 3-RUN HOME RUN (Flyball, 9LD, EV 91.9 MPH), Distance : 349 ft
Batting: RHB Joaquin Salazar 0-0: SINGLE (Line Drive, 56D, EV 98.8 MPH)
Batting: RHB Rich Griffith 0-0: Ball
Joaquin Salazar steals 2nd base
1-0: Called Strike
1-1: Swinging Strike
1-2: Strikes out swinging, 2-3 out at first.
Bottom of the 6th over - 3 runs, 2 hits, 0 errors, 1 left on base; Colorado 2 - Victoria 5
TOP OF THE 7TH
Colorado Avalanche batting - Pitching for Victoria Capitals : RHP Devon Washington
Now at 1B: Kevin Harris
Batting: RHB Seisaburo Edagawa 0-0: Ball
1-0: Foul Ball, location: 2F
1-1: Ball
2-1: Swinging Strike
2-2: Ground out 5-3 (Groundball, 56S, EV 71.2 MPH)
Pitching: RHP Lorenzo Gutierrez
Batting: RHB Carlos de Jesus 0-0: Called Strike
0-1: Ball
1-1: Foul Ball, location: 2F
1-2: Ball
2-2: Ball
3-2: SOLO HOME RUN (Flyball, 7LD, EV 97.5 MPH), Distance : 344 ft
Batting: RHB Bob Hayes 0-0: Ball
1-0: Fly out, F8 (Flyball, 8RXD, EV 90.6 MPH)
Batting: LHB Jerry Santana 0-0: Ball
1-0: Foul Ball, location: 2F
1-1: Swinging Strike
1-2: Strikes out swinging
Top of the 7th over - 1 run, 1 hit, 0 errors, 0 left on base; Colorado 3 - Victoria 5
BOTTOM OF THE 7TH
Victoria Capitals batting - Pitching for Colorado Avalanche : LHP Glenn Lowther
Batting: RHB Neal Perucci 0-0: Ball
1-0: Ball
2-0: Called Strike
2-1: Foul Ball, location: 2F
2-2: Foul Ball, location: 2F
2-2: Strikes out swinging
Batting: RHB John Britton 0-0: Ball
1-0: Foul Ball, location: 2F
1-1: Called Strike
1-2: Ball
2-2: Foul Ball, location: 2F
2-2: Strikes out swinging
Batting: RHB Antonio Oyola 0-0: Called Strike
0-1: Foul Ball, location: 2F
0-2: Foul Ball, location: 2F
0-2: Ball
1-2: Ball
2-2: SINGLE (Groundball, 4MD, EV 97.5 MPH) (infield hit)
Batting: RHB Tze-meng Li 0-0: Ball
1-0: Ball
2-0: Foul Ball, location: 2F
2-1: Foul Ball, location: 2F
2-2: Ball
3-2: SINGLE (Line Drive, 4M, EV 96.2 MPH)
Antonio Oyola to second
Antonio Oyola to third
Batting: RHB Jose Zuniga 0-0: Ball
1-0: Foul Ball, location: 2F
1-1: Ball
2-1: Fielders Choice at 2nd, 5-4 (Groundball, 56, EV 104.4 MPH)
Bottom of the 7th over - 0 runs, 2 hits, 0 errors, 2 left on base; Colorado 3 - Victoria 5
TOP OF THE 8TH
Colorado Avalanche batting - Pitching for Victoria Capitals : RHP Lorenzo Gutierrez
Pinch Hitting: LHB Nick Martin 0-0: Called Strike
0-1: Foul Ball, location: 2F
0-2: Ground out 6-3 (Groundball, 6, EV 85.0 MPH)
Batting: LHB Zane Kelton 0-0: Ball
1-0: Ground out 4-3 (Groundball, 34D, EV 108.8 MPH)
Batting: LHB Mick Tucker 0-0: Swinging Strike
0-1: Called Strike
0-2: Strikes out swinging
Top of the 8th over - 0 runs, 0 hits, 0 errors, 0 left on base; Colorado 3 - Victoria 5
BOTTOM OF THE 8TH
Victoria Capitals batting - Pitching for Colorado Avalanche : LHP Glenn Lowther
Now in LF: Nick Martin
Batting: RHB Roberto Medina 0-0: Called Strike
0-1: Ground out 6-3 (Groundball, 6, EV 85.0 MPH)
Batting: RHB Kevin Harris 0-0: Called Strike
0-1: DOUBLE (Line Drive, 78D, EV 101.2 MPH)
Batting: RHB Joaquin Salazar 0-0: Intentional Walk
Batting: RHB Rich Griffith 0-0: Called Strike
0-1: Foul Ball, location: 2F
0-2: Foul Ball, location: 2F
0-2: Foul Ball, location: 2F
0-2: Ball
1-2: Ball
2-2: Foul Ball, location: 2F
2-2: Strikes out looking
Batting: RHB Neal Perucci 0-0: Fielders Choice at 2nd, 6-4 (Groundball, 6, EV 100.0 MPH)
Bottom of the 8th over - 0 runs, 1 hit, 0 errors, 2 left on base; Colorado 3 - Victoria 5
TOP OF THE 9TH
Colorado Avalanche batting - Pitching for Victoria Capitals : RHP Lorenzo Gutierrez
Pitching: RHP Dave Williams
Batting: RHB Eric Delgado 0-0: Called Strike
0-1: Called Strike
0-2: Foul Ball, location: 2F
0-2: Hit by Pitch
Pinch Hitting: RHB Chris Tatum 0-0: Called Strike
0-1: SINGLE (Line Drive, 78S, EV 99.4 MPH)
Eric Delgado to second
Batting: RHB Seisaburo Edagawa 0-0: Ball
1-0: Called Strike
1-1: Ball
2-1: Ball
3-1: DOUBLE (Line Drive, 89D, EV 107.5 MPH)
Eric Delgado scores
Chris Tatum to third
Batting: RHB Carlos de Jesus 0-0: Ball
1-0: Ground out 5-3 (Groundball, 56, EV 81.9 MPH)
Pinch Hitting: SHB Brad Madden 0-0: Intentional Walk
Pinch Hitting: RHB Wali Mulogo 0-0: Foul Ball, location: 2F
0-1: Foul Ball, location: 2F
0-2: Foul Ball, location: 2F
0-2: Fly out, F7 (Flyball, 78M, EV 92.5 MPH)
Runner from 3rd tags up, SCORES, throw by LF
Batting: LHB Nick Martin 0-0: Ball
1-0: Called Strike
1-1: Foul Ball, location: 2F
1-2: Foul Ball, location: 2F
1-2: Fly out, F8 (Line Drive, 89M, EV 100.0 MPH)
Top of the 9th over - 2 runs, 2 hits, 0 errors, 2 left on base; Colorado 5 - Victoria 5
BOTTOM OF THE 9TH
Victoria Capitals batting - Pitching for Colorado Avalanche : LHP Glenn Lowther
Now at SS: Gashie Chimsima
Now in CF: Ighlas Mwara
Now in RF: Georges Lambert
Pinch Hitting: LHB Matt Hepburn 0-0: Called Strike
0-1: Ball
1-1: Ball
2-1: Ball
3-1: Base on Balls
Batting: RHB Antonio Oyola 0-0: Sac Bunt to 2R - play at first, batter OUT! 2-3
Matt Hepburn to second
Batting: RHB Tze-meng Li 0-0: Fly out, F4 (Popup, 34S, EV 80.0 MPH)
Batting: RHB Jose Zuniga 0-0: Intentional Walk
Batting: RHB Roberto Medina 0-0: Called Strike
0-1: Foul Ball, location: 2F
0-2: Ball
1-2: Ground out U3 (Groundball, 3, EV 104.4 MPH)
Bottom of the 9th over - 0 runs, 0 hits, 0 errors, 2 left on base; Colorado 5 - Victoria 5
TOP OF THE 10TH
Colorado Avalanche batting - Pitching for Victoria Capitals : RHP Dave Williams
Pitching: RHP Fikre Taalib
Now at SS: Dave Reynoso
Batting: LHB Zane Kelton 0-0: Foul Ball, location: 2F
0-1: Called Strike
0-2: Ball
1-2: Strikes out looking
Batting: LHB Mick Tucker 0-0: Called Strike
0-1: Ball
1-1: SINGLE (Line Drive, 8LS, EV 92.5 MPH)
Batting: RHB Eric Delgado 0-0: Ball
1-0: Ball
2-0: Ball
3-0: Called Strike
3-1: Base on Balls
Mick Tucker to second
Batting: LHB Georges Lambert 0-0: Ball
1-0: Ball
2-0: Called Strike
2-1: Called Strike
2-2: Ball
3-2: SINGLE (Groundball, 34D, EV 103.1 MPH)
Mick Tucker to third
Eric Delgado to second
Runner from 3rd tries for Home, SAFE, throw by RF to home
Batting: RHB Seisaburo Edagawa 0-0: DOUBLE (Line Drive, 9LM, EV 105.6 MPH)
Eric Delgado scores
Georges Lambert to third
Batting: RHB Carlos de Jesus 0-0: Intentional Walk
Batting: RHB Gashie Chimsima 0-0: Foul Ball, location: 2F
0-1: Foul Ball, location: 2F
0-2: Ball
1-2: Foul Ball, location: 2F
1-2: Ball
2-2: Foul Ball, location: 2F
2-2: Foul Ball, location: 2F
2-2: Foul Ball, location: 2F
2-2: Grounds into fielders choice 6-2 (Groundball, 6, EV 86.2 MPH)
Seisaburo Edagawa to third
Carlos de Jesus to second
Batting: RHB Ighlas Mwara 0-0: Called Strike
0-1: Called Strike
0-2: Fly out, F3 (Popup, 3, EV 66.9 MPH)
Top of the 10th over - 2 runs, 3 hits, 0 errors, 3 left on base; Colorado 7 - Victoria 5
BOTTOM OF THE 10TH
Victoria Capitals batting - Pitching for Colorado Avalanche : LHP Glenn Lowther
Batting: RHB Kevin Harris 0-0: Called Strike
0-1: Foul Ball, location: 2F
0-2: Ground out U3 (Groundball, 34, EV 100.0 MPH)
Batting: RHB Joaquin Salazar 0-0: Ball
1-0: Ball
2-0: Fly out, F8 (Flyball, 89D, EV 84.4 MPH)
Batting: RHB Rich Griffith 0-0: Ball
1-0: Called Strike
1-1: Ball
2-1: Foul Ball, location: 2F
2-2: Foul Ball, location: 2F
2-2: Ball
3-2: Foul Ball, location: 2F
3-2: Foul Ball, location: 2F
3-2: Foul Ball, location: 2F
3-2: Strikes out looking
Bottom of the 10th over - 0 runs, 0 hits, 0 errors, 0 left on base; Colorado 7 - Victoria 5
Thursday, December 15th , 2022 - OOTP Baseball 23.9 Build 102